 Dungeon Crawl Stone Soup version 0.17-a0-1332-g9db7d08 (console) character file.

295715 Kramin the Warrior (level 20, -6/164 HPs)
             Began as a Mummy Abyssal Knight on June 1, 2015.
             Was a High Priest of Lugonu.
             Mangled by an Executioner (11 damage)
             ... on level 1 of the Abyss on June 10, 2015.
             The game lasted 03:33:04 (56256 turns).

Kramin the Warrior (Mummy Abyssal Knight)          Turns: 56256, Time: 03:33:04

Health: -6/164     AC: 30    Str: 17    XL:     20   Next: 6%
Magic:  12/28      EV: 16    Int: 12    God:    Lugonu [*****.]
Gold:   2968       SH: 16    Dex: 21    Spells: 0 memorised, 19 levels left

rFire  + . .     SeeInvis .     a - +9 demon whip (elec)
rCold  + . .     Clarity  .     t - +2 chain mail "Fowutoz" {rPois rF+ Regen+}
rNeg   + + +     SustAt   .     M - +2 shield {reflect}
rPois  ∞         Gourm    .     B - +2 helmet
rElec  .         Spirit   .     l - +0 cloak
rCorr  .         Warding  .     P - +2 pair of gloves of Xoeret {Dex+3}
rMut   .         Stasis   .     u - +1 pair of boots
MR     ++...                    r - amulet of faith
Stlth  ..........               F - ring of protection from fire
                                A - +4 ring of protection

@: about to teleport, very resistant to hostile enchantments, extremely
unstealthy
A: no food or potions, fire vulnerability, cold resistance 1, negative energy
resistance 3, torment resistance, unbreathing, in touch with death 1, restore
body
a: Self-Restoration, Depart the Abyss, Bend Space, Banish, Corrupt, Enter the
Abyss, Renounce Religion
}: 2/15 runes: decaying, serpentine


You were on level 1 of the Abyss.
You worshipped Lugonu.
Lugonu was extremely pleased with you.
You were not hungry.

You visited 7 branches of the dungeon, and saw 40 of its levels.
You visited the Abyss 6 times.
You also visited: Labyrinth, Bailey and Ice Cave.

You collected 4232 gold pieces.
You spent 1264 gold pieces at shops.

Inventory:

Hand weapons
 a - a +9 demon whip of electrocution (weapon)
Missiles
 m - 3 throwing nets
 p - 14 javelins (quivered)
 H - 7 javelins of returning
Armour
 l - a +0 cloak (worn)
 t - the +2 chain mail "Fowutoz" (worn) {rPois rF+ Regen+}
   (You found it on level 1 of the Depths)

   It protects you from fire.
   It protects you from poison.
   It increases your rate of regeneration.
 u - a +1 pair of boots (worn)
 y - the +1 pair of gloves "Buaczor" {rC+}
   (You found it on level 4 of the Lair of Beasts)

   It protects you from cold.
 B - a +2 helmet (worn)
 J - the +3 plate armour of the Hanged Man {rF+ Str+3 Int+4}
   (You took it off a minotaur in a labyrinth)

   It affects your strength (+3).
   It affects your intelligence (+4).
   It protects you from fire.
 M - a +2 shield of reflection (worn)
 P - the +2 pair of gloves of Xoeret (worn) {Dex+3}
   (You found it on level 3 of the Depths)

   It affects your dexterity (+3).
 Q - a fire dragon hide {Xtahua}
Rods
 b - a +1 rod of the swarm (12/12)
   (You took it off a hill giant on level 12 of the Dungeon)
Jewellery
 j - an uncursed amulet of regeneration
 r - an amulet of faith (around neck)
 w - an uncursed ring of protection from magic
 A - a +4 ring of protection (left hand)
 F - a ring of protection from fire (right hand)
 I - an uncursed ring of see invisible
 O - the ring of the Forsaken Orbs {+Fly rElec rPois MP-9 AC+1}
   (You found it on level 3 of the Depths)

   [ring of protection]

   It affects your AC (+1).
   It insulates you from electricity.
   It protects you from poison.
   It affects your magic capacity (-9).
   It lets you fly.
Magical devices
 i - a wand of digging (10)
 x - a wand of fireball (6)
 D - a wand of paralysis (18)
 E - a wand of teleportation (4)
 G - a wand of fire (7)
Scrolls
 c - 2 scrolls of blinking
 d - 6 scrolls of teleportation
 e - 5 scrolls of enchant armour
 f - 8 scrolls of remove curse
 g - 6 scrolls of fog
 h - 6 scrolls of amnesia
 n - a scroll of torment
 o - 4 scrolls of magic mapping
 q - 11 scrolls of recharging
 s - 4 scrolls of identify
 v - a scroll of summoning
 z - 2 scrolls of fear
 L - a scroll of vulnerability
 N - a scroll of enchant weapon
Books
 k - a book of Frost

   Spells                             Type                      Level
   a - Freeze                         Ice                          1
   b - Throw Frost                    Conjuration/Ice              2
   c - Ozocubu's Armour               Charms/Ice                   3
   d - Throw Icicle                   Conjuration/Ice              4
   e - Summon Ice Beast               Ice/Summoning                4
   f - Condensation Shield            Ice                          4
Miscellaneous
 C - a sack of spiders
 K - a phial of floods


   Skills:
 + Level 15.8 Fighting
 - Level 12.3 Maces & Flails
 + Level 13.7 Armour
 * Level 12.3 Dodging
 - Level 15.0 Shields
 - Level 11.5 Invocations


You had 19 spell levels left.
You didn't know any spells.

Dungeon Overview and Level Annotations

Branches:
Dungeon (15/15)            Temple (1/1) D:4            Lair (8/8) D:8
  Swamp (4/4) Lair:3        Snake (4/4) Lair:5        Slime (0/6) Lair:7
    Orc (4/4) D:11            Elf (0/3) Orc:3        Vaults (0/5) D:14
 Depths (4/5) D:15

Altars:
Ashenzari
Elyvilon
Nemelex Xobeh
Okawaru
Qazlal
Vehumet
Xom
Yredelemnul
Zin
Lugonu

Shops:
Orc:1 *   Orc:4 =*[(   Snake:1 (   Snake:2 !   Snake:4 *

Portals:
Hell: Depths:1 Depths:2 Depths:3
Abyss: Depths:1
Pandemonium: Depths:1 Depths:2 Depths:3
Ziggurat: Depths:3

Annotations:
D:11 corrupted
D:14 exclusion: Roxanne, Roxanne
D:15 exclusion: ice statue
Temple corrupted
Snake:4 corrupted
Depths:1 34 runed doors
Depths:4 Sojobo


Innate Abilities, Weirdness & Mutations

You do not eat or drink.
Your flesh is vulnerable to fire.
You are immune to poison.
Your flesh is cold resistant.
You are immune to negative energy.
You are immune to unholy pain and torment.
You can survive without breathing.
You are in touch with the powers of death.
You can restore your body by infusing magical energy.


Message History

The Executioner hits you but does no damage.
You block the Executioner's attack.
Found a scroll of identify.
Use which ability? (? or * to list) Space bends around you!
You blink.
* * * LOW HITPOINT WARNING * * *
You block the Executioner's attack.
The Executioner hits you but does no damage. x2
You block the Executioner's attack. The Executioner hits you.
* * * LOW HITPOINT WARNING * * *
The Executioner hits you but does no damage.
Use which ability? (? or * to list) Space bends around you!
You blink.
* * * LOW HITPOINT WARNING * * *
The Executioner hits you but does no damage.
You block the Executioner's attack. x2
The Executioner hits you!
You die...

### .##.##. ).##
.. ..#.#... #. #.
# .. .......
.###.#. #.
.#...#.##$...#.
....#..##.[##.#
#..#.##/..##.# #
...#...@..##
#§..##..1#..# ##
...####.#.#
#...#.§....?#.. #
##
###.###.#1#.####.#
.. ......#§.### .#
. #####.###...# #
.##..###.. ## ###
#..#


You could see an Executioner.

Vanquished Creatures
  Vashnia (Snake:2)
  Xtahua (Depths:3)
  A lich (Depths:3)
  A tentacled monstrosity (Depths:3)
  2 titans (Depths:3)
  An Executioner (Abyss:1)
  4 sphinxes
  Frances (Swamp:2)
  A thorn hunter (Swamp:3)
  A tentacled starspawn (Abyss:1)
  A shadow dragon (Depths:4)
  A greater naga (Snake:2)
  6 fire giants
  5 frost giants
  Donald (Swamp:2)
  An iron dragon (Depths:3)
  Maud (Lair:7)
  2 orc warlords
  A balrug (Depths:1)
  Aizul (Snake:2)
  4 very ugly things
  4 stone giants
  A lorocyproca (Abyss:1)
  3 vampire knights
  A deep elf demonologist (Abyss:1)
  5 dire elephants
  8 ettins
  9 fire dragons
  A minotaur (Lab)
  3 jiangshi (Depths:4)
  3 ogre magi
  4 rakshasas
  2 yaktaur captains (Depths:3)
  2 great orbs of eyes
  5 ghost crabs
  Harold (Abyss:1)
  7 anacondas
  5 spriggan air magi
  12 naga warriors
  2 entropy weavers (Depths:1)
  3 ice dragons
  23 hydras
  5 centaur warriors
  A queen ant (Lair:2)
  10 alligators
  2 deep troll earth magi (Depths:1)
  6 death yaks (Lair:7)
  2 deep troll shamans (Depths:2)
  3 orc high priests (Orc:4)
  3 vampire magi
  A hell hog (Abyss:1)
  A shock serpent (Snake:3)
  5 thrashing horrors (Abyss:1)
  4 spriggan berserkers
  Urug (Orc:3)
  2 sun demons (Depths:1)
  13 naga sharpshooters
  Sonja (Lair:3)
  Nergalle (Lair:1)
  3 salamander mystics
  3 wretched stars
  2 ice devils (Abyss:1)
  2 giant orange brains
  A spatial maelstrom (Abyss:1)
  4 unseen horrors
  A spriggan druid (Swamp:4)
  6 swamp dragons
  A shambling mangrove (Swamp:1)
  6 hill giants
  5 deep trolls
  2 wizards (Depths:1)
  6 naga ritualists
  A necromancer (Depths:3)
  4 cyclopes
  10 ugly things
  4 orc knights
  11 mana vipers
  A griffon (Lair:5)
  A mana viper (shapeshifter) (D:14)
  6 orc sorcerers
  3 worldbinders (Abyss:1)
  18 naga magi
  3 manticores
  2 stone giant skeletons (Abyss:1)
  11 salamanders
  A salamander (shapeshifter) (Depths:4)
  Maurice (D:11)
  45 black mambas
  2 gargoyles
  A titan simulacrum (Depths:3)
  4 elephants (Lair:3)
  A guardian serpent (Snake:3)
  A rust devil (Abyss:1)
  4 smoke demons (Abyss:1)
  A spriggan zombie (Depths:3)
  33 spiny frogs
  An efreet (D:15)
  A hellion (Abyss:1)
  3 orange demons (Abyss:1)
  2 centaur skeletons
  A kobold demonologist (D:15)
  4 ancient zymes
  4 yaktaurs
  The ghost of Mulkerokala the Slinger, an experienced HaHu of Okawaru (D:5)
  7 komodo dragons
  2 tengu conjurers
  An elf skeleton (Depths:3)
  A deep elf priest (D:15)
  A polar bear (shapeshifter) (Depths:1)
  A freezing wraith (D:15)
  A hellwing (Abyss:1)
  A wandering mushroom (Lair:7)
  A hydra zombie (Abyss:1)
  2 trolls (Orc:2)
  A fire drake (Lair:7)
  A jumping spider (Depths:1)
  3 polar bears
  8 bog bodies
  5 giant leeches
  A wind drake (shapeshifter) (Depths:2)
  6 two-headed ogres (Depths:2)
  15 blink frogs
  A wolf spider simulacrum (D:15)
  2 boulder beetles
  10 raiju
  An elf simulacrum (Depths:3)
  A shadow (D:15)
  13 large abominations
  42 yaks
  5 redbacks (Depths:1)
  A wraith (D:14)
  8 air elementals
  15 slime creatures
  A deep elf mage (D:15)
  10 spriggans
  6 starcursed masses (Abyss:1)
  A spriggan (shapeshifter) (Depths:1)
  4 ynoxinuls
  A human (shapeshifter) (D:14)
  2 flying skulls (Depths:1)
  A deep elf fighter (D:15)
  6 fire bats
  2 golden eyes (Abyss:1)
  A human (D:4)
  4 hungry ghosts
  2 neqoxecs (Abyss:1)
  9 hippogriffs
  14 vampire mosquitoes
  3 tarantellas
  A steam dragon (D:8)
  7 basilisks
  Menkaure (D:4)
  2 chaos spawn (Abyss:1)
  12 soldier ants
  17 swamp worms
  Edmund (D:4)
  10 insubstantial wisps
  16 wolves
  31 nagas
  11 small abominations
  A spatial vortex (Abyss:1)
  A mottled dragon (D:15)
  8 wargs
  24 water moccasins
  56 orc warriors
  2 phantoms
  7 porcupines
  11 wasps
  A sky beast (shapeshifter) (D:14)
  2 sky beasts
  21 ogres
  4 boggarts (Depths:1)
  5 swamp drakes
  2 eyes of draining
  10 ice beasts
  A black bear (D:11)
  20 centaurs
  4 big kobolds
  16 crocodiles
  36 giant frogs
  7 scorpions
  9 killer bees
  20 wights
  7 electric eels
  5 centaur zombies
  4 crimson imps
  7 jellies
  30 orc priests
  32 orc wizards
  5 giant frog skeletons
  3 giant frog zombies
  An iron imp (Depths:2)
  A human zombie (D:4)
  3 iguanas
  2 quasits
  10 hounds
  2 human skeletons
  33 worker ants
  Natasha (thrice) (D:4)
  2 hell rats
  A worker ant (shapeshifter) (Depths:3)
  16 sheep
  3 hound skeletons
  5 worker ant zombies
  11 adders
  18 gnolls
  64 river rats
  3 shadow imps
  4 white imps
  An ufetubus (Abyss:1)
  An ooze (D:2)
  3 adder skeletons
  2 adder zombies
  5 worms
  220 orcs
  3 ball pythons
  13 bats
  7 giant cockroaches
  46 hobgoblins
  10 jackals
  45 kobolds
  4 quokkas
  7 giant geckos
  9 giant newts
  45 goblins
  A jackal zombie (D:4)
  A lurking horror (Abyss:1)
  15 rats
  2 plants
  2 starspawn tentacles (Abyss:1)
1749 creatures vanquished.

Vanquished Creatures (others)
  A thorn hunter (Swamp:4)
  Kirke (Snake:4)
  5 greater nagas (Snake:4)
  An orc warlord (Bailey)
  5 naga warriors (Snake:4)
  2 ice dragons (D:15)
  A yaktaur captain (Depths:2)
  2 hydras (Swamp:4)
  An ogre mage (D:11)
  6 naga sharpshooters (Snake:4)
  4 shock serpents
  A spriggan (Swamp:4)
  An unseen horror (D:11)
  A hill giant (D:11)
  An orc knight (Bailey)
  An anubis guard (Snake:4)
  3 salamanders (Snake:4)
  A guardian serpent (Snake:4)
  14 naga magi (Snake:4)
  A spiny frog (Lair:7)
  A black mamba (Snake:4)
  2 yaktaurs
  A vampire mosquito (D:15)
  10 nagas (Snake:4)
  3 hogs (Snake:4)
  3 orc warriors (Bailey)
  3 ice beasts (IceCv)
  A swamp worm (Swamp:4)
  2 wasps
  A small abomination (D:11)
  2 ogres (D:11)
  A boggart (Depths:1)
  A centaur (D:10)
  A crocodile (Lair:8)
  A giant frog (Lair:7)
  An orc priest (D:11)
  An orc wizard (D:4)
  A worker ant (D:11)
  A worker ant zombie (D:11)
  6 orcs
  A goblin (D:4)
  A lurking horror (Abyss:3)
  4 fungi (Lair:8)
  5 plants
  4 starspawn tentacles (Abyss:1)
  41 starspawn tentacle segments (Abyss:1)
152 creatures vanquished.

Grand Total: 1901 creatures vanquished

Notes
Turn   | Place    | Note
--------------------------------------------------------------
     0 | Abyss:1  | Kramin the Mummy Abyssal Knight began the quest for the Orb.
     0 | Abyss:1  | Reached XP level 1. HP: 18/18 MP: 2/2
    10 | D:1      | Escaped the Abyss
   321 | D:1      | Reached XP level 2. HP: 22/24 MP: 3/3
   490 | D:1      | Acquired Lugonu's second power
   820 | D:1      | Reached XP level 3. HP: 20/29 MP: 4/4
  1479 | D:2      | Found a shattered altar of Ashenzari.
  1983 | D:2      | Reached XP level 4. HP: 32/35 MP: 5/5
  2109 | D:2      | Acquired Lugonu's third power
  3183 | D:3      | Reached skill level 4 in Maces & Flails
  3184 | D:3      | Reached XP level 5. HP: 38/41 MP: 6/6
  3364 | D:4      | Noticed Natasha
  3369 | D:4      | Killed Natasha
  3454 | D:4      | Noticed a phantom
  3578 | D:4      | Killed a phantom
  3578 | D:4      | Reached XP level 6. HP: 21/47 MP: 6/8
  3688 | D:4      | Noticed Natasha
  3697 | D:4      | Killed Natasha
  3866 | D:4      | Found a runed door.
  3866 | D:4      | Noticed a human
  3892 | D:4      | Reached skill level 5 in Maces & Flails
  3895 | D:4      | Found a basalt altar of Yredelemnul.
  4497 | D:4      | Noticed Edmund
  4528 | D:4      | Killed Edmund
  4528 | D:4      | Reached XP level 7. HP: 26/52 MP: 9/9
  4542 | D:4      | Acquired Lugonu's fourth power
  4808 | D:4      | Noticed Natasha
  4814 | D:4      | Killed Natasha
  4893 | D:4      | Reached skill level 6 in Maces & Flails
  5066 | D:4      | Killed a human
  5172 | D:4      | Found a staircase to the Ecumenical Temple.
  5172 | D:4      | Noticed Menkaure
  5178 | D:4      | Killed Menkaure
  5178 | D:4      | Reached XP level 8. HP: 58/58 MP: 11/11
  5182 | Temple   | Entered the Ecumenical Temple
  5237 | D:5      | Entered Level 5 of the Dungeon
  5327 | D:5      | Reached skill level 7 in Maces & Flails
  5341 | D:5      | Found a sparkling altar of Nemelex Xobeh.
  5361 | D:5      | Reached skill level 5 in Invocations
  5688 | D:5      | Noticed Mulkerokala's ghost (experienced HaHu)
  5706 | D:5      | Killed Mulkerokala's ghost
  6060 | D:5      | Reached skill level 8 in Maces & Flails
  6295 | D:6      | Reached XP level 9. HP: 36/63 MP: 13/13
  6781 | D:6      | Acquired Lugonu's fifth power
  6950 | Temple   | Corrupted Temple
  6950 | Temple   | Noticed a great orb of eyes
  6950 | Temple   | Noticed a starcursed mass
  6950 | Temple   | Noticed a flayed ghost
  6950 | Temple   | Noticed a rakshasa
  6950 | Temple   | Noticed a thrashing horror
  6950 | Temple   | Noticed a smoke demon
  6950 | Temple   | Noticed an orc sorcerer
  6950 | Temple   | Noticed a worldbinder
  6950 | Temple   | Noticed a large abomination
  6950 | Temple   | Noticed a tentacled starspawn
  6951 | Temple   | Noticed a large abomination
  6951 | Temple   | Noticed a spatial maelstrom
  6951 | Temple   | Noticed a tormentor
  6952 | Temple   | Noticed a large abomination
  7395 | D:7      | Reached skill level 9 in Maces & Flails
  8135 | D:8      | Found a stormy altar of Qazlal.
  8154 | D:8      | You fall through a shaft!
  8744 | D:9      | Reached skill level 10 in Maces & Flails
  9063 | D:9      | Reached XP level 10. HP: 66/70 MP: 15/15
  9733 | D:10     | Entered Level 10 of the Dungeon
  9977 | D:10     | Found a flagged portal.
  9993 | Bailey   | Entered a bailey
 11283 | Bailey   | Noticed an orc knight
 11318 | Bailey   | Banished an orc knight
 11318 | Bailey   | Reached skill level 11 in Maces & Flails
 11381 | Bailey   | Noticed an orc warlord
 11382 | Bailey   | Banished an orc warlord
 11382 | Bailey   | Reached skill level 5 in Fighting
 12369 | D:10     | Reached XP level 11. HP: 78/80 MP: 17/17
 12740 | D:10     | Killed an unseen horror
 13305 | D:11     | Noticed Maurice
 13308 | D:11     | Noticed a hill giant
 13404 | D:11     | Noticed Harold
 13415 | D:11     | Banished Harold
 13431 | D:11     | Noticed an ogre mage
 13805 | D:11     | Noticed a hill giant
 13809 | D:11     | Banished a hill giant
 13831 | D:11     | Found a frozen archway.
 13840 | IceCv    | Entered an ice cave
 13862 | IceCv    | HP: 4/81 [ice beast (7)]
 13865 | IceCv    | Reached skill level 12 in Maces & Flails
 14198 | IceCv    | Noticed an ice statue
 14198 | IceCv    | Noticed an ice statue
 14205 | IceCv    | Got a scintillating crystal amulet
 14219 | D:11     | Corrupted D:11
 14220 | D:11     | Noticed a starcursed mass
 14226 | D:11     | Killed an ogre mage
 14277 | D:11     | Noticed a hill giant
 14280 | D:11     | Banished a hill giant
 14596 | D:11     | Banished an unseen horror
 14881 | D:11     | Killed Maurice
 14948 | D:11     | Identified Faxyre's Collected Works on Good Luck
 14966 | D:11     | Killed a hill giant
 15184 | D:11     | Found a staircase to the Orcish Mines.
 15217 | D:11     | Identified a scroll of acquirement
 15552 | D:12     | Found a shimmering altar of Xom.
 15665 | D:12     | Reached skill level 1 in Dodging
 15870 | D:12     | Noticed a hill giant
 15878 | D:12     | Killed a hill giant
 16176 | D:12     | Reached XP level 12. HP: 31/92 MP: 19/19
 17017 | D:12     | Noticed a hill giant
 17035 | D:12     | Killed a hill giant
 17035 | D:12     | Reached skill level 10 in Invocations
 17232 | D:12     | Noticed a seven-headed hydra
 17241 | D:12     | Killed a seven-headed hydra
 17667 | D:8      | Found a stormy altar of Qazlal.
 18364 | D:8      | Found a staircase to the Lair.
 18688 | D:8      | Identified the amulet of Hyh Ury {rMut rC+ MR- Str+2} (You found it in an ice cave)
 18728 | Lair:1   | Entered Level 1 of the Lair of Beasts
 18729 | Lair:1   | Upgraded the game from 0.17-a0-1181-gabc46e6 to 0.17-a0-1310-gaf4f4d6
 18740 | Lair:1   | Reached skill level 1 in Shields
 18882 | Lair:1   | Noticed Nergalle
 18956 | Lair:1   | Killed Nergalle
 19092 | Lair:1   | Got a jewelled ring mail
 19103 | Lair:1   | Identified the cursed +0 ring mail of Asoxt {rC++} (You found it on level 1 of the Lair of Beasts)
 19816 | Lair:2   | Reached skill level 10 in Fighting
 19970 | Lair:2   | Got a coiled iron ring
 19972 | Lair:2   | Identified the ring of Henotheism {rN+ MP+9} (You found it on level 2 of the Lair of Beasts)
 20562 | Lair:3   | Gained mutation: You are in touch with the powers of death. [Mummy growth]
 20562 | Lair:3   | Gained mutation: You can restore your body by infusing magical energy. [Mummy growth]
 20562 | Lair:3   | Reached XP level 13. HP: 89/103 MP: 21/21
 20641 | Lair:3   | Noticed Sonja
 20653 | Lair:3   | Killed Sonja
 20653 | Lair:3   | Reached skill level 5 in Shields
 21250 | Lair:3   | Found a staircase to the Swamp.
 21451 | Lair:4   | Got a pair of twisted gloves
 21457 | Lair:4   | Identified the +1 pair of gloves "Buaczor" {rC+} (You found it on level 4 of the Lair of Beasts)
 21759 | Lair:4   | Identified a +1 rod of the swarm (12/12) (You took it off a hill giant on level 12 of the Dungeon)
 22096 | Lair:5   | Reached skill level 5 in Dodging
 22341 | Lair:5   | Upgraded the game from 0.17-a0-1310-gaf4f4d6 to 0.17-a0-1332-g9db7d08
 22637 | Lair:5   | Found a staircase to the Snake Pit.
 24090 | Lair:7   | Found a staircase to the Slime Pits.
 24232 | Lair:7   | Noticed Maud
 24249 | Lair:7   | Killed Maud
 25067 | Lair:8   | Entered Level 8 of the Lair of Beasts
 25439 | Lair:7   | Reached XP level 14. HP: 81/113 MP: 22/22
 26335 | Lair:8   | Reached skill level 5 in Armour
 28124 | Orc:1    | Entered Level 1 of the Orcish Mines
 28349 | Orc:1    | Found Gutog's Assorted Antiques.
 28368 | Orc:1    | Bought a ring of evasion for 56 gold pieces
 28368 | Orc:1    | Bought a jewelled chain mail for 266 gold pieces
 28380 | Orc:1    | Identified the cursed +1 chain mail "Diywk" {rPois Str+3} (You bought it in a shop on level 1 of the Orcish Mines)
 28665 | Orc:3    | Found a staircase to the Elven Halls.
 29520 | Orc:3    | Noticed Urug
 29539 | Orc:3    | Killed Urug
 30016 | Orc:3    | Noticed an orc warlord
 30030 | Orc:3    | Killed an orc warlord
 30570 | Orc:4    | Entered Level 4 of the Orcish Mines
 30634 | Orc:4    | Found a labyrinth entrance.
 30649 | Lab      | Entered a labyrinth
 31052 | Lab      | Identified the Almanac of Unstable Stones
 31059 | Lab      | Got a steaming tin ring
 31063 | Lab      | Identified the ring "Zeivvop" {rC+ rN+ Int+4 Dex-5} (You found it in a labyrinth)
 31100 | Lab      | Got a pitted plate armour
 31111 | Lab      | Identified the +3 plate armour of the Hanged Man {rF+ Str+3 Int+4} (You took it off a minotaur in a labyrinth)
 31552 | Orc:4    | Reached XP level 15. HP: 97/122 MP: 23/23
 31599 | Orc:4    | HP: 1/122 [hellwing[an orc sorcerer] (9)]
 32577 | Orc:4    | Noticed an orc warlord
 32608 | Orc:4    | Killed an orc warlord
 32657 | Orc:4    | Found Mauvvon's Antique Armour Shoppe.
 32659 | Orc:4    | Found Tilifreq's Antique Weapon Shoppe.
 32660 | Orc:4    | Found Oxza Zorph's General Store.
 32660 | Orc:4    | Found Ahoann's Jewellery Emporium.
 32664 | Orc:4    | Bought a scroll of enchant armour for 112 gold pieces
 32685 | Orc:4    | Bought an uncursed amulet of regeneration for 360 gold pieces
 32685 | Orc:4    | Bought an uncursed ring of protection from fire for 300 gold pieces
 33639 | D:14     | Noticed Roxanne
 33725 | D:14     | Found a gate to the Vaults.
 34350 | D:15     | Entered Level 15 of the Dungeon
 34444 | D:15     | Reached skill level 13 in Fighting
 34491 | D:15     | Found a staircase to the Depths.
 34679 | D:15     | Found an iron altar of Okawaru.
 35001 | D:15     | Reached skill level 10 in Armour
 35718 | Swamp:1  | Entered Level 1 of the Swamp
 36788 | Swamp:2  | Reached XP level 16. HP: 117/131 MP: 24/24
 36816 | Swamp:2  | Noticed Frances
 36831 | Swamp:2  | Killed Frances
 37115 | Swamp:2  | Noticed Donald
 37125 | Swamp:2  | Killed Donald
 37254 | Swamp:2  | Reached skill level 10 in Dodging
 38178 | Swamp:4  | Entered Level 4 of the Swamp
 38562 | Swamp:3  | Reached skill level 14 in Fighting
 39496 | Swamp:4  | Got a decaying rune of Zot
 39781 | Snake:1  | Entered Level 1 of the Snake Pit
 40475 | Snake:1  | Found Nuacvod's Weapon Shoppe.
 40911 | Snake:2  | Found Viycir's Distillery.
 41045 | Snake:2  | Reached XP level 17. HP: 124/140 MP: 12/25
 41308 | Snake:2  | Noticed Vashnia
 41559 | Snake:2  | Killed Vashnia
 42085 | Snake:2  | Reached skill level 10 in Shields
 42174 | Snake:2  | Noticed Aizul
 42190 | Snake:2  | Killed Aizul
 43679 | Snake:4  | Entered Level 4 of the Snake Pit
 43943 | Snake:4  | Noticed Kirke
 43961 | Snake:4  | Corrupted Snake:4
 43979 | Snake:4  | Killed Kirke
 44050 | Snake:4  | Killed a bone dragon
 44093 | Snake:4  | Found a radiant altar of Vehumet.
 44191 | Snake:4  | Found Xoet's Assorted Antiques.
 44204 | Snake:4  | Bought an emerald ring for 170 gold pieces
 44378 | Snake:4  | Reached XP level 18. HP: 147/147 MP: 26/26
 44462 | Snake:4  | Got a serpentine rune of Zot
 45116 | Depths:1 | Entered Level 1 of the Depths
 45143 | Depths:1 | Found a huge runed gate.
 45143 | Depths:1 | Found a huge runed gate.
 45143 | Depths:1 | Found a huge runed gate.
 45149 | Depths:1 | Found a huge runed gate.
 45149 | Depths:1 | Found a huge runed gate.
 45153 | Depths:1 | Found a huge runed gate.
 45153 | Depths:1 | Found a huge runed gate.
 45153 | Depths:1 | Found a huge runed gate.
 45153 | Depths:1 | Found a huge runed gate.
 45154 | Depths:1 | Found a huge runed gate.
 45155 | Depths:1 | Found a huge runed gate.
 45156 | Depths:1 | Found a huge runed gate.
 45166 | Depths:1 | Found a huge runed gate.
 45177 | Depths:1 | Found a huge runed gate.
 45178 | Depths:1 | Found a huge runed gate.
 45178 | Depths:1 | Found a huge runed gate.
 45178 | Depths:1 | Found a huge runed gate.
 45179 | Depths:1 | Found a huge runed gate.
 45179 | Depths:1 | Found a huge runed gate.
 45180 | Depths:1 | Found a huge runed gate.
 45181 | Depths:1 | Found a huge runed gate.
 45182 | Depths:1 | Found a huge runed gate.
 45404 | Depths:1 | Found a huge runed gate.
 45404 | Depths:1 | Found a huge runed gate.
 45404 | Depths:1 | Found a huge runed gate.
 45404 | Depths:1 | Found a huge runed gate.
 45404 | Depths:1 | Found a huge runed gate.
 45404 | Depths:1 | Found a huge runed gate.
 45404 | Depths:1 | Found a huge runed gate.
 45404 | Depths:1 | Found a huge runed gate.
 45404 | Depths:1 | Found a huge runed gate.
 45539 | Abyss:1  | Killed Harold
 45580 | Abyss:1  | Found a corrupted altar of Lugonu.
 46215 | Abyss:1  | Noticed a bone dragon
 46215 | Abyss:1  | Noticed a lich
 46510 | Depths:1 | Escaped the Abyss
 47460 | Abyss:1  | Noticed a lich
 47508 | Abyss:1  | Found a corrupted altar of Lugonu.
 47579 | Abyss:1  | Paralysed by accursed screaming for 1 turns
 47581 | Depths:1 | Escaped the Abyss
 47723 | Depths:1 | Found a one-way gate leading to the halls of Pandemonium.
 47725 | Depths:1 | Found a huge runed gate.
 47727 | Depths:1 | Found a huge runed gate.
 47773 | Depths:1 | Found a huge runed gate.
 47855 | Depths:1 | Found a one-way gate to the infinite horrors of the Abyss.
 48010 | Depths:1 | Found a gateway to Hell.
 48019 | Depths:1 | Got a distressingly furry chain mail
 48040 | Depths:1 | Identified the +2 chain mail "Fowutoz" {rPois rF+ Regen+} (You found it on level 1 of the Depths)
 48127 | Depths:1 | Voluntarily entered the Abyss.
 48491 | Abyss:1  | Reached skill level 15 in Shields
 48556 | Depths:1 | Escaped the Abyss
 48567 | Depths:1 | Voluntarily entered the Abyss.
 48608 | Abyss:2  | Found a blossoming altar of Fedhas.
 48655 | Abyss:2  | Got a bloodstained chain mail
 48661 | Abyss:3  | Identified the +5 chain mail "Miplo" {Str+2} (You found it on level 2 of the Abyss)
 49108 | Abyss:3  | Noticed a lich
 49131 | Depths:1 | Escaped the Abyss
 50342 | Depths:2 | Reached XP level 19. HP: 149/153 MP: 27/27
 51798 | Depths:3 | Reached skill level 15 in Fighting
 51816 | Depths:3 | Found a gateway to a ziggurat.
 51905 | Depths:3 | Got a smoking bronze ring
 51918 | Depths:3 | Identified the ring of the Forsaken Orbs {+Fly rElec rPois MP-9 AC+1} (You found it on level 3 of the Depths)
 51928 | Depths:3 | Got a pair of scorched gloves
 51950 | Depths:3 | Identified the +2 pair of gloves of Xoeret {Dex+3} (You found it on level 3 of the Depths)
 53414 | Depths:3 | Noticed Xtahua
 54818 | Depths:3 | Killed Xtahua
 55886 | Depths:4 | Reached XP level 20. HP: 141/164 MP: 28/28
 56129 | Depths:4 | Noticed Sojobo
 56178 | Depths:4 | HP: 7/164 [spriggan air mage/bolt of lightning[a spriggan berserker] (27)]
 56252 | Abyss:1  | HP: 7/164 [spatial distortion (4)]
 56254 | Abyss:1  | HP: 3/164 [spatial distortion (3)]
 56256 | Abyss:1  | Mangled by an Executioner

Vault maps used:
D:1:      dpeg_arrival_fog, solitary_fountain
D:2:      evilmike_ruin_ashenzari
D:4:      minmay_temple_entry_fiery, dk_yredelemnul_ordeal, uniq_natasha,
          uniq_menkaure, uniq_edmund
D:5:      nemelex_deck, first_bread
D:8:      dpeg_lair_monsters, basic_altar, the_bakery,
          nicolae_qazlal_style_of_elements
D:9:      special_room
D:10:     lightli_bailey_entry_fortress
D:11:     orc_0_dummy, portal_ice_cave_entry_pillars_01, uniq_maurice,
          uniq_harold
D:12:     basic_altar, corexii_corridor_pit, serial_park_tiny_1, lightli_swarmer
D:14:     david_vaults_2, serial_park_gazebo, minmay_misc_feat_roman,
          kennysheep_cluttered_room, uniq_roxanne
D:15:     grunt_enter_depths_hoard, kennysheep_flooded_box,
          eino_small_chamber_without_monster, nicolae_wwwww, ice2_lemuel
Temple:   dpeg_three_leaves_temple_18
Lair:1:   serial_bayou_shore_b, uniq_nergalle
Lair:2:   minmay_another_anthill
Lair:3:   minmay_swamp_entry_reptiles, minivault_24, uniq_sonja
Lair:4:   serial_bayou_shore_a, grunt_megastairs_2, infiniplex_staircase_pool
Lair:5:   dummy_snake_entry
Lair:6:   serial_bayou_lagoon_b
Lair:7:   slime_dummy, hangedman_lair_generics_rect, uniq_maud
Lair:8:   minmay_lair_end_frog_pond, serial_bayou_shore_b
Swamp:1:  evilmike_swamp_ruin_house_1
Swamp:2:  evilmike_swamp_ruin_house_2, swamp_pool1, uniq_frances, uniq_donald
Swamp:3:  evilmike_swamp_ruin_house_4, swamp_pool1
Swamp:4:  swamp_alternative
Snake:1:  serial_shops, shop
Snake:2:  serial_shops, nicolae_shop_stone, serial_bayou_shore_b, uniq_vashnia,
          uniq_aizul
Snake:3:  st_stairs_1, serial_bayou_shore_b, grunt_megastairs_3
Snake:4:  snake_pit, serial_shops, nicolae_shop_overgrown_old_shop, basic_altar,
          uniq_agnes, uniq_kirke
Orc:1:    serial_shops, nicolae_shop_waterfront
Orc:2:    nooodl_orcs_dogs
Orc:3:    nicolae_orc_pool_cavern, uniq_urug
Orc:4:    st_orc_congregation, lab_entry_generic
Depths:1: lightli_too_deep, pan_entry, minmay_misc_feat_alley,
          abyss_entry_small_statue_room, minmay_tree_intersection, door_vault
Depths:2: kennysheep_ogre_elephant_herders, minmay_misc_feat_ornament,
          rand_demon_pan_entry_4, hell_entry
Depths:3: minmay_concentric_multi, enter_ziggurat_f, pan_entry, hell_entry,
          minmay_misc_feat_enclosed, infiniplex_staircase_pool_2, uniq_xtahua
Depths:4: dpeg_oklob_gauntlet, pf_coc_iceberg, abyss_entry_crystal,
          serial_co_window_serial, co_window_paths_b, co_window_paths_a,
          co_window_cross_1, co_window_of_opportunity_a,
          co_window_of_opportunity_a, co_window_corner_a, co_window_cross_4,
          co_window_unsneaky_path_b, spider_trap, uniq_sojobo
Abyss:1:  hangedman_decor_riveting, evilmike_abyss_exit_16
Lab:      nicolae_lab_dead_adventurers, nicolae_lab_flowing_pool,
          labyrinth_skeletal_remains
Bailey:   bailey_axe_minmay_hex_keep, bailey
IceCv:    ice_cave_statue_garden_01

Action                   |  1- 3 |  4- 6 |  7- 9 | 10-12 | 13-15 | 16-18 | 19-21 || total
-------------------------+-------+-------+-------+-------+-------+-------+-------++-------
Melee: Mace              |   185 |    81 |       |       |       |       |       ||   266
       Whip              |       |   248 |    14 |       |       |       |       ||   262
       Flail             |       |       |   418 |   465 |       |       |       ||   883
       Demon whip        |       |       |       |   562 |  2288 |  2522 |   802 ||  6174
Throw: Throwing net      |       |     1 |       |       |     1 |       |       ||     2
       Javelin           |       |       |       |    29 |    16 |    15 |     4 ||    64
Invok: Corrupt           |       |       |     1 |     1 |       |     1 |       ||     3
       Banish            |       |       |       |    13 |     3 |    14 |     1 ||    31
       Bend Space        |       |       |       |       |       |     4 |     3 ||     7
       Enter the Abyss   |       |       |       |       |       |     2 |     1 ||     3
       Depart the Abyss  |       |       |       |       |       |     2 |       ||     2
Evoke: Rod               |       |       |       |       |     2 |       |       ||     2
       Wand              |       |       |       |       |     5 |    13 |     2 ||    20
  Use: Scroll            |       |     7 |     1 |    18 |    11 |    10 |     2 ||    49
 Stab: Held in net/web   |       |     1 |       |       |     3 |     1 |       ||     5
       Distracted        |       |       |       |       |       |     3 |       ||     3
